| TOP OF THE 1ST |
|
Augusta GreenJackets batting - Pitching for Peoria Chiefs : RHP Jason Inman
|
|
Pitching: RHP Jason Inman
|
|
|
Batting: RHB Nate Stio
|
0-0: Called Strike 0-1: Ball 1-1: Ball 2-1: Ball 3-1: Fly out, F7 (Flyball, 78XD, EV 101.3 MPH)
|
|
Batting: RHB Masaichi Tokunaga
|
0-0: Called Strike 0-1: Ball 1-1: Ball 2-1: Swinging Strike 2-2: SINGLE (Groundball, 4D, EV 107.5 MPH)
|
|
Batting: RHB Gregorio Contreras
|
0-0: Grounds into double play, 5-4-3 (Groundball, 56, EV 81.3 MPH)
|
| Top of the 1st over - 0 runs, 1 hit, 0 errors, 0 left on base; Augusta 0 - Peoria 0 |
| BOTTOM OF THE 1ST |
|
Peoria Chiefs batting - Pitching for Augusta GreenJackets : RHP Leland Rondeau
|
|
Pitching: RHP Leland Rondeau
|
|
|
Batting: LHB Nate Roberts
|
0-0: Ball 1-0: Ball 2-0: Ball 3-0: Base on Balls
|
|
Batting: RHB Alex Rangel
|
0-0: Ball 1-0: SINGLE (Groundball, 6MD, EV 109.4 MPH) Nate Roberts to second
|
|
Batting: LHB Luis Flores
|
0-0: Fielders Choice at 2nd, 3-6 (Groundball, 34, EV 85.0 MPH) Nate Roberts to third
|
|
Batting: LHB Allen Russell
|
0-0: Called Strike 0-1: Ball 1-1: Ball 2-1: Foul Ball, location: 2F 2-2: Ball 3-2: SINGLE (Groundball, 34D, EV 100.6 MPH) Nate Roberts scores Luis Flores to second Runner from 2nd tries for 3rd, SAFE, throw by RF made to third
|
|
Batting: RHB Francisco Flores
|
0-0: Ball 1-0: Foul Ball, location: 2F 1-1: Called Strike 1-2: Ground out 4-3 (Groundball, 4, EV 88.1 MPH) Luis Flores scores Allen Russell to second
|
|
Batting: LHB Jon Olesen
|
0-0: Ball 1-0: Ball Passed Ball! Allen Russell to third 2-0: Fly out, F8 (Flyball, 8RD, EV 91.9 MPH)
|
| Bottom of the 1st over - 2 runs, 2 hits, 0 errors, 1 left on base; Augusta 0 - Peoria 2 |
| TOP OF THE 2ND |
|
Augusta GreenJackets batting - Pitching for Peoria Chiefs : RHP Jason Inman
|
|
Batting: LHB Wilson Ayala
|
0-0: Ball 1-0: Ball 2-0: Called Strike 2-1: Fly out, F8 (Line Drive, 8RD, EV 91.9 MPH)
|
|
Batting: RHB Antonio Bautista
|
0-0: Ball 1-0: Called Strike 1-1: Swinging Strike 1-2: Foul Ball, location: 2F 1-2: Ball 2-2: Strikes out swinging
|
|
Batting: LHB Tim Long
|
0-0: Called Strike 0-1: Foul Ball, location: 2F 0-2: Ball 1-2: Strikes out swinging
|
| Top of the 2nd over - 0 runs, 0 hits, 0 errors, 0 left on base; Augusta 0 - Peoria 2 |
| BOTTOM OF THE 2ND |
|
Peoria Chiefs batting - Pitching for Augusta GreenJackets : RHP Leland Rondeau
|
|
Batting: RHB Jose Castellanos
|
0-0: Ball 1-0: Called Strike 1-1: Ground out 4-3 (Groundball, 4, EV 86.3 MPH)
|
|
Batting: LHB Nick Cavero
|
0-0: Foul Ball, location: 2F 0-1: Called Strike 0-2: Ball 1-2: Ball 2-2: Ground out 4-3 (Groundball, 4M, EV 80.6 MPH)
|
|
Batting: SHB Jason Inman
|
0-0: Ball 1-0: Swinging Strike 1-1: Swinging Strike 1-2: Ball 2-2: Ball 3-2: Strikes out swinging
|
| Bottom of the 2nd over - 0 runs, 0 hits, 0 errors, 0 left on base; Augusta 0 - Peoria 2 |
| TOP OF THE 3RD |
|
Augusta GreenJackets batting - Pitching for Peoria Chiefs : RHP Jason Inman
|
|
Batting: RHB Rick Linders
|
0-0: Called Strike 0-1: SINGLE (Groundball, 4MD, EV 101.9 MPH)
|
|
Batting: RHB Brian Marut
|
0-0: Ball 1-0: Called Strike 1-1: Ball 2-1: Ball 3-1: Foul Ball, location: 2F 3-2: Base on Balls Rick Linders to second
|
|
Batting: SHB Leland Rondeau
|
0-0: Sac Bunt to 5S - play at first, batter OUT! 5-4 Rick Linders to third Brian Marut to second
|
|
Batting: RHB Nate Stio
|
0-0: Fly out, F8 (Flyball, 8RXD, EV 86.3 MPH) Runner from 3rd tags up, SCORES, no throw by CF Brian Marut to third
|
|
Batting: RHB Masaichi Tokunaga
|
0-0: SINGLE (Groundball, 6MD, EV 95.0 MPH) Brian Marut scores
|
|
Batting: RHB Gregorio Contreras
|
0-0: Called Strike 0-1: SINGLE (Groundball, 56S, EV 73.1 MPH) (infield hit) Masaichi Tokunaga to second
|
|
Batting: LHB Wilson Ayala
|
0-0: Ball 1-0: Ball 2-0: Ground out 4-3 (Groundball, 34, EV 88.1 MPH)
|
| Top of the 3rd over - 2 runs, 3 hits, 0 errors, 2 left on base; Augusta 2 - Peoria 2 |
| BOTTOM OF THE 3RD |
|
Peoria Chiefs batting - Pitching for Augusta GreenJackets : RHP Leland Rondeau
|
|
Batting: LHB Nate Roberts
|
0-0: Ball 1-0: Foul Ball, location: 2F 1-1: Foul Ball, location: 2F 1-2: Strikes out swinging
|
|
Batting: RHB Alex Rangel
|
0-0: Ground out U3 (Groundball, 34, EV 103.1 MPH)
|
|
Batting: LHB Luis Flores
|
0-0: Ball 1-0: Called Strike 1-1: Swinging Strike 1-2: Strikes out swinging
|
| Bottom of the 3rd over - 0 runs, 0 hits, 0 errors, 0 left on base; Augusta 2 - Peoria 2 |
| TOP OF THE 4TH |
|
Augusta GreenJackets batting - Pitching for Peoria Chiefs : RHP Jason Inman
|
|
Batting: RHB Antonio Bautista
|
0-0: Called Strike 0-1: Called Strike 0-2: Ball 1-2: Ball 2-2: Ball 3-2: Strikes out swinging
|
|
Batting: LHB Tim Long
|
0-0: Ball 1-0: Ball 2-0: Ball 3-0: Called Strike 3-1: Base on Balls
|
|
Batting: RHB Rick Linders
|
0-0: Ball Tim Long steals 2nd, throwing error, E2 Tim Long to third 1-0: Called Strike 1-1: Ball 2-1: Ball 3-1: Base on Balls
|
|
Batting: RHB Brian Marut
|
0-0: Ball 1-0: Ball 2-0: Fly out, F8 (Flyball, 8LXD, EV 102.5 MPH) Runner from 3rd tags up, SCORES, no throw by CF
|
|
Batting: SHB Leland Rondeau
|
0-0: Called Strike 0-1: Ball 1-1: Ball 2-1: Foul Ball, location: 2F 2-2: Ball 3-2: Strikes out swinging
|
| Top of the 4th over - 1 run, 0 hits, 1 error, 1 left on base; Augusta 3 - Peoria 2 |
| BOTTOM OF THE 4TH |
|
Peoria Chiefs batting - Pitching for Augusta GreenJackets : RHP Leland Rondeau
|
|
Batting: LHB Allen Russell
|
0-0: Ball 1-0: Foul Ball, location: 2F 1-1: Foul Ball, location: 2F 1-2: Foul Ball, location: 2F 1-2: Ball 2-2: Foul Ball, location: 2F 2-2: Ball 3-2: Foul Ball, location: 2F 3-2: Base on Balls
|
|
Batting: RHB Francisco Flores
|
0-0: Swinging Strike 0-1: Ball 1-1: Ball 2-1: Ball 3-1: Base on Balls Allen Russell to second
|
|
Batting: LHB Jon Olesen
|
0-0: Fly out, F9 (Line Drive, 9, EV 88.1 MPH) Runner from 2nd tags up, OUT at 3rd! 9-5
|
|
Batting: RHB Jose Castellanos
|
0-0: Swinging Strike Passed Ball! Francisco Flores to second 0-1: Foul Ball, location: 2F 0-2: Foul Ball, location: 2F 0-2: SINGLE (Groundball, 23, EV 63.1 MPH) (infield hit) Francisco Flores to third
|
|
Batting: LHB Nick Cavero
|
0-0: Called Strike 0-1: Called Strike 0-2: Foul Ball, location: 2F 0-2: Ball 1-2: Ball 2-2: SINGLE (Groundball, 56S, EV 73.1 MPH) (infield hit) Francisco Flores scores Jose Castellanos to second
|
|
Batting: SHB Jason Inman
|
0-0: Ball 1-0: SINGLE (Flyball, 7LS, EV 91.9 MPH) Jose Castellanos to third Nick Cavero to second Runner from 3rd tries for Home, SAFE, throw by LF to home
|
|
Batting: LHB Nate Roberts
|
0-0: Called Strike 0-1: Ball 1-1: Fly out, F7 (Flyball, 7LD, EV 98.1 MPH)
|
| Bottom of the 4th over - 2 runs, 3 hits, 0 errors, 2 left on base; Augusta 3 - Peoria 4 |
| TOP OF THE 5TH |
|
Augusta GreenJackets batting - Pitching for Peoria Chiefs : RHP Jason Inman
|
|
Batting: RHB Nate Stio
|
0-0: Ball 1-0: Ground out 6-3 (Groundball, 6, EV 81.3 MPH)
|
|
Batting: RHB Masaichi Tokunaga
|
0-0: Ball 1-0: Called Strike 1-1: Ground out 6-3 (Groundball, 6, EV 83.1 MPH)
|
|
Batting: RHB Gregorio Contreras
|
0-0: Ball 1-0: Ball 2-0: Called Strike 2-1: Ground out 6-3 (Groundball, 6, EV 79.4 MPH)
|
| Top of the 5th over - 0 runs, 0 hits, 0 errors, 0 left on base; Augusta 3 - Peoria 4 |
| BOTTOM OF THE 5TH |
|
Peoria Chiefs batting - Pitching for Augusta GreenJackets : RHP Leland Rondeau
|
|
Batting: RHB Alex Rangel
|
0-0: Called Strike 0-1: DOUBLE (Flyball, 89XD, EV 96.3 MPH)
|
|
Batting: LHB Luis Flores
|
0-0: Ground out U3 (Groundball, 3, EV 84.4 MPH) Alex Rangel to third
|
|
Batting: LHB Allen Russell
|
0-0: Called Strike 0-1: Swinging Strike 0-2: Strikes out looking
|
|
Batting: RHB Francisco Flores
|
0-0: Ball 1-0: Ball 2-0: Ball 3-0: Base on Balls
|
|
Pitching: RHP Tokuma Sakamoto
|
|
|
Batting: LHB Jon Olesen
|
0-0: Ball 1-0: Ball 2-0: Foul Ball, location: 2F 2-1: Ball 3-1: Foul Ball, location: 2F 3-2: Base on Balls Francisco Flores to second
|
|
Batting: RHB Jose Castellanos
|
0-0: Called Strike 0-1: Foul Ball, location: 2F 0-2: Foul Ball, location: 2F 0-2: Foul Ball, location: 2F 0-2: Ball 1-2: Foul Ball, location: 2F 1-2: Fly out, F8 (Line Drive, 8LD, EV 90.6 MPH)
|
| Bottom of the 5th over - 0 runs, 1 hit, 0 errors, 3 left on base; Augusta 3 - Peoria 4 |
| TOP OF THE 6TH |
|
Augusta GreenJackets batting - Pitching for Peoria Chiefs : RHP Jason Inman
|
|
Batting: LHB Wilson Ayala
|
0-0: Called Strike 0-1: Swinging Strike 0-2: SINGLE (Line Drive, 9S, EV 92.5 MPH)
|
|
Batting: RHB Antonio Bautista
|
0-0: Called Strike 0-1: Foul Ball, location: 2F 0-2: Ball 1-2: Ball 2-2: Ball 3-2: Foul Ball, location: 2F 3-2: Fly out, F8 (Flyball, 8LM, EV 98.1 MPH)
|
|
Pitching: RHP Mike Lewis
|
|
|
Now at 3B: Steve DeWald
|
|
|
Batting: LHB Tim Long
|
0-0: Ball Wild Pitch! Wilson Ayala to second 1-0: Called Strike 1-1: Ball 2-1: Ground out 6-3 (Groundball, 6S, EV 86.3 MPH) Wilson Ayala to third
|
|
Batting: RHB Rick Linders
|
0-0: Called Strike 0-1: Ball 1-1: Called Strike 1-2: Foul Ball, location: 2F 1-2: Strikes out looking
|
| Top of the 6th over - 0 runs, 1 hit, 0 errors, 1 left on base; Augusta 3 - Peoria 4 |
| BOTTOM OF THE 6TH |
|
Peoria Chiefs batting - Pitching for Augusta GreenJackets : RHP Tokuma Sakamoto
|
|
Batting: LHB Nick Cavero
|
0-0: Called Strike 0-1: Ground out 4-3 (Groundball, 4M, EV 85.6 MPH)
|
|
Batting: RHB Steve DeWald
|
0-0: Called Strike 0-1: Swinging Strike 0-2: Foul Ball, location: 2F 0-2: Ball 1-2: Hit by Pitch
|
|
Batting: LHB Nate Roberts
|
0-0: Ball 1-0: Ball 2-0: Ball 3-0: Base on Balls Steve DeWald to second
|
|
Batting: RHB Alex Rangel
|
0-0: Ball 1-0: Called Strike 1-1: Ball 2-1: Swinging Strike 2-2: Foul Ball, location: 2F 2-2: Grounds into double play, 4-6-3 (Groundball, 4, EV 100.0 MPH)
|
| Bottom of the 6th over - 0 runs, 0 hits, 0 errors, 1 left on base; Augusta 3 - Peoria 4 |
| TOP OF THE 7TH |
|
Augusta GreenJackets batting - Pitching for Peoria Chiefs : RHP Mike Lewis
|
|
Now at 3B: George O'Grady
|
|
|
Batting: RHB Brian Marut
|
0-0: Ground out 4-3 (Groundball, 4, EV 92.5 MPH)
|
|
Pinch Hitting: RHB Elijah Sewell
|
0-0: Foul Ball, location: 2F 0-1: Ball 1-1: Ball 2-1: Called Strike 2-2: Foul Ball, location: 2F 2-2: Ground out 6-3 (Groundball, 6, EV 98.8 MPH)
|
|
Batting: RHB Nate Stio
|
0-0: Ball 1-0: Foul Ball, location: 2F 1-1: Ball 2-1: Called Strike 2-2: Strikes out swinging
|
| Top of the 7th over - 0 runs, 0 hits, 0 errors, 0 left on base; Augusta 3 - Peoria 4 |
| BOTTOM OF THE 7TH |
|
Peoria Chiefs batting - Pitching for Augusta GreenJackets : RHP Tokuma Sakamoto
|
|
Pitching: RHP Danny Gonzalez
|
|
|
Batting: LHB Luis Flores
|
0-0: Hit by Pitch
|
|
Batting: RHB George O'Grady
|
0-0: Ball 1-0: Ball 2-0: Foul Ball, location: 2F 2-1: Swinging Strike 2-2: Foul Ball, location: 2F 2-2: Ball Pickoff Throw to First - Error! E1 Luis Flores to second 3-2: Strikes out looking
|
|
Batting: RHB Francisco Flores
|
0-0: Ball Wild Pitch! Luis Flores to third 1-0: Ball 2-0: Called Strike 2-1: Foul Ball, location: 2F 2-2: Foul Ball, location: 2F 2-2: Fly out, F4 (Popup, 4, EV 69.4 MPH)
|
|
Pinch Hitting: SHB Ben van Halem
|
0-0: Ball 1-0: Called Strike 1-1: Foul Ball, location: 2F 1-2: Ball 2-2: Foul Ball, location: 2F 2-2: Foul Ball, location: 2F 2-2: SINGLE (Groundball, 34D, EV 94.4 MPH) Luis Flores scores
|
|
Batting: RHB Jose Castellanos
|
0-0: Ball 1-0: Ball 2-0: Ball 3-0: Foul Ball, location: 2F 3-1: Foul Ball, location: 2F 3-2: Ground out 6-3 (Groundball, 6M, EV 113.1 MPH)
|
| Bottom of the 7th over - 1 run, 1 hit, 1 error, 1 left on base; Augusta 3 - Peoria 5 |
| TOP OF THE 8TH |
|
Augusta GreenJackets batting - Pitching for Peoria Chiefs : RHP Mike Lewis
|
|
Pitching: RHP Nathan Wade
|
|
|
Batting: RHB Masaichi Tokunaga
|
0-0: Ball 1-0: Reached on error, E6 (Groundball, 6, EV 100.6 MPH)
|
|
Batting: RHB Gregorio Contreras
|
0-0: Ball 1-0: Foul Ball, location: 2F 1-1: Swinging Strike 1-2: Ball 2-2: Strikes out swinging
|
|
Batting: LHB Wilson Ayala
|
0-0: Fly out, F8 (Flyball, 8RM, EV 91.3 MPH)
|
|
Batting: RHB Antonio Bautista
|
0-0: Foul Ball, location: 2F 0-1: Swinging Strike 0-2: Strikes out swinging
|
| Top of the 8th over - 0 runs, 0 hits, 1 error, 1 left on base; Augusta 3 - Peoria 5 |
| BOTTOM OF THE 8TH |
|
Peoria Chiefs batting - Pitching for Augusta GreenJackets : RHP Danny Gonzalez
|
|
Pitching: RHP Dimitre Malyutkin
|
|
|
Batting: LHB Nick Cavero
|
0-0: Ball 1-0: Foul Ball, location: 2F 1-1: SINGLE (Groundball, 3L, EV 101.3 MPH) (infield hit)
|
|
Batting: RHB Steve DeWald
|
0-0: Swinging Strike 0-1: Ball 1-1: Foul Ball, location: 2F 1-2: 2-RUN HOME RUN (Flyball, 8LXD, EV 107.5 MPH), Distance : 451 ft
|
|
Batting: LHB Nate Roberts
|
0-0: Ball 1-0: Called Strike 1-1: Ball 2-1: Foul Ball, location: 2F 2-2: Ball 3-2: SOLO HOME RUN (Flyball, 89XD, EV 108.1 MPH), Distance : 405 ft
|
|
Pitching: RHP Kieran Redfern
|
|
|
Batting: RHB Alex Rangel
|
0-0: Ball 1-0: Called Strike 1-1: Ball 2-1: Ball 3-1: Fly out, F1 (Line Drive, P, EV 68.1 MPH)
|
|
Batting: LHB Luis Flores
|
0-0: Ball 1-0: Called Strike 1-1: Ground out 6-3 (Groundball, 6, EV 84.4 MPH)
|
|
Batting: RHB George O'Grady
|
0-0: Ball 1-0: Swinging Strike 1-1: Swinging Strike 1-2: Foul Ball, location: 2F 1-2: Ball 2-2: Foul Ball, location: 2F 2-2: Strikes out looking
|
| Bottom of the 8th over - 3 runs, 3 hits, 0 errors, 0 left on base; Augusta 3 - Peoria 8 |
| TOP OF THE 9TH |
|
Augusta GreenJackets batting - Pitching for Peoria Chiefs : RHP Nathan Wade
|
|
Batting: LHB Tim Long
|
0-0: Called Strike 0-1: Fly out, F8 (Flyball, 8LD, EV 91.9 MPH)
|
|
Batting: RHB Rick Linders
|
0-0: Called Strike 0-1: Foul Ball, location: 2F 0-2: Ball 1-2: Ball 2-2: Hit by Pitch
|
|
Batting: RHB Brian Marut
|
0-0: Ball 1-0: Ball 2-0: Foul Ball, location: 2F 2-1: Ground out 5-3 (Groundball, 56S, EV 75.0 MPH) Rick Linders to second
|
|
Pinch Hitting: SHB Ben Hacker
|
0-0: Called Strike 0-1: Ball 1-1: Foul Ball, location: 2F 1-2: Ball 2-2: Foul Ball, location: 2F 2-2: Ball 3-2: Base on Balls
|
|
Batting: RHB Nate Stio
|
0-0: Ball 1-0: Ball 2-0: Called Strike 2-1: SINGLE (Line Drive, 9LS, EV 101.9 MPH) Rick Linders to third Ben Hacker to second
|
|
Pitching: RHP Dan Hardman
|
|
|
Batting: RHB Masaichi Tokunaga
|
0-0: SINGLE (Groundball, 34D, EV 99.4 MPH) Rick Linders scores Ben Hacker to third Nate Stio to second
|
|
Batting: RHB Gregorio Contreras
|
0-0: Ball 1-0: SINGLE (Groundball, 56S, EV 68.1 MPH) (infield hit) Ben Hacker scores Nate Stio to third Masaichi Tokunaga to second
|
|
Batting: LHB Wilson Ayala
|
0-0: Foul Ball, location: 2F 0-1: Called Strike 0-2: Ball 1-2: Foul Ball, location: 2F 1-2: SINGLE (Line Drive, 4D, EV 103.1 MPH) Nate Stio scores Masaichi Tokunaga to third Gregorio Contreras to second
|
|
Batting: RHB Antonio Bautista
|
0-0: Fielders Choice at 2nd, 6-4 (Groundball, 6D, EV 96.9 MPH)
|
| Top of the 9th over - 3 runs, 4 hits, 0 errors, 3 left on base; Augusta 6 - Peoria 8 |
|